TOP OF THE 1ST |
District 9 Prawns batting - Pitching for Santa Monica Bruins : LHP Cobus Human
|
Pitching: LHP Cobus Human
|
|
Batting: RHB Alonso Holguín
|
0-0: Ball 1-0: Ball 2-0: Called Strike 2-1: Foul Ball, location: 2F 2-2: Ball 3-2: Fly out, F8 (Flyball, 8RM)
|
Batting: RHB Marcos Moreno
|
0-0: Ball 1-0: Swinging Strike 1-1: Ball 2-1: Ball 3-1: Base on Balls
|
Batting: LHB Leland Hardy
|
0-0: Ball 1-0: Foul Ball, location: 2F 1-1: Foul Ball, location: 2F 1-2: SINGLE (Line Drive, 6MD) Marcos Moreno to second
|
Batting: LHB Ryan Hensley
|
0-0: Ground out U3 (Groundball, 3S) Marcos Moreno to third Leland Hardy to second
|
Batting: RHB Alfredo Cortéz
|
0-0: Ball 1-0: Ball 2-0: Foul Ball, location: 2F 2-1: Ball 3-1: Foul Ball, location: 2F 3-2: SINGLE (Groundball, 3D) Marcos Moreno scores Leland Hardy to third Leland Hardy scores
|
Batting: RHB Lúcio García
|
0-0: Ball 1-0: Foul Ball, location: 2F 1-1: Ball 2-1: Ball 3-1: Swinging Strike 3-2: Strikes out looking
|
Top of the 1st over - 2 run(s), 2 hit(s), 0 error(s), 1 left on base; District 9 2 - Santa Monica 0 |
BOTTOM OF THE 1ST |
Santa Monica Bruins batting - Pitching for District 9 Prawns : RHP Víctor Ventura
|
Pitching: RHP Víctor Ventura
|
|
Batting: RHB Alonso Sánchez
|
0-0: Ball 1-0: Fly out, F4 (Popup, 34D)
|
Batting: RHB Lorenzo Martínez
|
0-0: Called Strike 0-1: Foul Ball, location: 2F 0-2: Ground out 4-3 (Groundball, 4M)
|
Batting: LHB Patrick Osborne
|
0-0: Called Strike 0-1: Foul Ball, location: 2F 0-2: Strikes out swinging
|
Bottom of the 1st over - 0 run(s), 0 hit(s), 0 error(s), 0 left on base; District 9 2 - Santa Monica 0 |
TOP OF THE 2ND |
District 9 Prawns batting - Pitching for Santa Monica Bruins : LHP Cobus Human
|
Batting: SHB Tommy Bourassa
|
0-0: Ground out 4-3 (Groundball, 13)
|
Batting: RHB Bill Beck
|
0-0: Foul Ball, location: 2F 0-1: Foul Ball, location: 2F 0-2: Ball 1-2: Strikes out swinging
|
Batting: RHB Manuel Cortéz
|
0-0: Ball 1-0: Called Strike 1-1: Swinging Strike 1-2: Ball 2-2: Ball 3-2: Strikes out looking
|
Top of the 2nd over - 0 run(s), 0 hit(s), 0 error(s), 0 left on base; District 9 2 - Santa Monica 0 |
BOTTOM OF THE 2ND |
Santa Monica Bruins batting - Pitching for District 9 Prawns : RHP Víctor Ventura
|
Batting: LHB Germán Charfauros
|
0-0: Swinging Strike 0-1: Foul Ball, location: 2F 0-2: Strikes out swinging
|
Batting: RHB Danny Crouch
|
0-0: Foul Ball, location: 2F 0-1: SINGLE (Line Drive, 4M)
|
Batting: LHB Matsusuke Yamasaki
|
0-0: Called Strike 0-1: Ball 1-1: Swinging Strike 1-2: Ball 2-2: Strikes out looking
|
Batting: RHB Javier Deleón
|
0-0: Ball 1-0: Ball 2-0: Foul Ball, location: 2F 2-1: Called Strike 2-2: Ball Danny Crouch steals 2nd base 3-2: Base on Balls
|
Batting: RHB Beco Lombo
|
0-0: Called Strike 0-1: Ball 1-1: Foul Ball, location: 2F 1-2: Ball 2-2: Ball 3-2: DOUBLE (Line Drive, 89M) Danny Crouch scores Javier Deleón to third Javier Deleón scores
|
Batting: LHB Juan Sánchez
|
0-0: Foul Ball, location: 2F 0-1: Fly out, F9 (Line Drive, 9D)
|
Bottom of the 2nd over - 2 run(s), 2 hit(s), 0 error(s), 1 left on base; District 9 2 - Santa Monica 2 |
TOP OF THE 3RD |
District 9 Prawns batting - Pitching for Santa Monica Bruins : LHP Cobus Human
|
Batting: RHB Alonso Holguín
|
0-0: Fly out, F9 (Flyball, 9S)
|
Batting: RHB Marcos Moreno
|
0-0: Foul Ball, location: 2F 0-1: Foul Ball, location: 2F 0-2: Foul Ball, location: 2F 0-2: Ball 1-2: Ball 2-2: Ball 3-2: Fly out, F9 (Flyball, 9S)
|
Batting: LHB Leland Hardy
|
0-0: Ball 1-0: Ball 2-0: Ball 3-0: Foul Ball, location: 2F 3-1: Called Strike 3-2: SOLO HOME RUN (Flyball, 9D), Distance : 362 ft
|
Batting: LHB Ryan Hensley
|
0-0: Ball 1-0: Fly out, F8 (Flyball, 8RXD)
|
Top of the 3rd over - 1 run(s), 1 hit(s), 0 error(s), 0 left on base; District 9 3 - Santa Monica 2 |
BOTTOM OF THE 3RD |
Santa Monica Bruins batting - Pitching for District 9 Prawns : RHP Víctor Ventura
|
Batting: RHB Alonso Sánchez
|
0-0: Ball 1-0: Ball 2-0: Fly out, F7 (Popup, 56D)
|
Batting: RHB Lorenzo Martínez
|
0-0: Ball 1-0: Ball 2-0: Ball 3-0: Called Strike 3-1: Called Strike 3-2: Fly out, F6 (Popup, 6MD)
|
Batting: LHB Patrick Osborne
|
0-0: Ball 1-0: Foul Ball, location: 2F 1-1: DOUBLE (Line Drive, 78XD)
|
Batting: LHB Germán Charfauros
|
0-0: Foul Ball, location: 2F 0-1: Ball 1-1: Swinging Strike 1-2: Ground out 4-3 (Groundball, 4)
|
Bottom of the 3rd over - 0 run(s), 1 hit(s), 0 error(s), 1 left on base; District 9 3 - Santa Monica 2 |
TOP OF THE 4TH |
District 9 Prawns batting - Pitching for Santa Monica Bruins : LHP Cobus Human
|
Batting: RHB Alfredo Cortéz
|
0-0: Ball 1-0: Foul Ball, location: 2F 1-1: Ball 2-1: Ball 3-1: Called Strike 3-2: Base on Balls
|
Batting: RHB Lúcio García
|
0-0: Ball 1-0: Swinging Strike 1-1: Called Strike 1-2: Strikes out swinging
|
Batting: SHB Tommy Bourassa
|
0-0: Swinging Strike 0-1: Ball 1-1: Called Strike 1-2: Strikes out looking
|
Batting: RHB Bill Beck
|
0-0: Called Strike 0-1: Ball 1-1: Called Strike 1-2: Strikes out swinging
|
Top of the 4th over - 0 run(s), 0 hit(s), 0 error(s), 1 left on base; District 9 3 - Santa Monica 2 |
BOTTOM OF THE 4TH |
Santa Monica Bruins batting - Pitching for District 9 Prawns : RHP Víctor Ventura
|
Batting: RHB Danny Crouch
|
0-0: Foul Ball, location: 2F 0-1: Ball 1-1: Swinging Strike 1-2: Ball 2-2: Strikes out swinging
|
Batting: LHB Matsusuke Yamasaki
|
0-0: Ball 1-0: Called Strike 1-1: Ball 2-1: Foul Ball, location: 2F 2-2: Ball 3-2: Strikes out looking
|
Batting: RHB Javier Deleón
|
0-0: Ball 1-0: Foul Ball, location: 2F 1-1: Swinging Strike 1-2: Strikes out swinging
|
Bottom of the 4th over - 0 run(s), 0 hit(s), 0 error(s), 0 left on base; District 9 3 - Santa Monica 2 |
TOP OF THE 5TH |
District 9 Prawns batting - Pitching for Santa Monica Bruins : LHP Cobus Human
|
Batting: RHB Manuel Cortéz
|
0-0: Ball 1-0: Fly out, F7 (Flyball, 7LM)
|
Batting: RHB Alonso Holguín
|
0-0: Ball 1-0: Ball 2-0: Called Strike 2-1: Ball 3-1: DOUBLE (Line Drive, 7LS)
|
Batting: RHB Marcos Moreno
|
0-0: Foul Ball, location: 2F 0-1: Ball 1-1: Swinging Strike 1-2: Ball 2-2: Ground out 4-3 (Groundball, 4M) Alonso Holguín to third
|
Batting: LHB Leland Hardy
|
0-0: Fly out, F7 (Flyball, 7D)
|
Top of the 5th over - 0 run(s), 1 hit(s), 0 error(s), 1 left on base; District 9 3 - Santa Monica 2 |
BOTTOM OF THE 5TH |
Santa Monica Bruins batting - Pitching for District 9 Prawns : RHP Víctor Ventura
|
Batting: RHB Beco Lombo
|
0-0: Foul Ball, location: 2F 0-1: Ground out 6-3 (Groundball, 6M)
|
Batting: LHB Juan Sánchez
|
0-0: Fly out, F8 (Flyball, 8LM)
|
Batting: RHB Alonso Sánchez
|
0-0: Ball 1-0: Ball 2-0: Called Strike 2-1: Ball 3-1: Base on Balls
|
Batting: RHB Lorenzo Martínez
|
0-0: Called Strike Alonso Sánchez steals 2nd base 0-1: Ball 1-1: Foul Ball, location: 2F 1-2: Ball 2-2: 2-RUN HOME RUN (Flyball, 89XD), Distance : 398 ft
|
Batting: LHB Patrick Osborne
|
0-0: Called Strike 0-1: Foul Ball, location: 2F 0-2: Strikes out swinging
|
Bottom of the 5th over - 2 run(s), 1 hit(s), 0 error(s), 0 left on base; District 9 3 - Santa Monica 4 |
TOP OF THE 6TH |
District 9 Prawns batting - Pitching for Santa Monica Bruins : LHP Cobus Human
|
Batting: LHB Ryan Hensley
|
0-0: Ball 1-0: Swinging Strike 1-1: Swinging Strike 1-2: Foul Ball, location: 2F 1-2: Ball 2-2: Strikes out swinging
|
Batting: RHB Alfredo Cortéz
|
0-0: Called Strike 0-1: Ground out 5-3 (Groundball, 56)
|
Batting: RHB Lúcio García
|
0-0: Called Strike 0-1: Foul Ball, location: 2F 0-2: Ball 1-2: Ball 2-2: Foul Ball, location: 2F 2-2: Fly out, F3 (Popup, 3SF)
|
Top of the 6th over - 0 run(s), 0 hit(s), 0 error(s), 0 left on base; District 9 3 - Santa Monica 4 |
BOTTOM OF THE 6TH |
Santa Monica Bruins batting - Pitching for District 9 Prawns : RHP Víctor Ventura
|
Batting: LHB Germán Charfauros
|
0-0: Ball 1-0: Fly out, F2 (Popup, 2LF)
|
Batting: RHB Danny Crouch
|
0-0: Fly out, F4 (Line Drive, 4)
|
Batting: LHB Matsusuke Yamasaki
|
0-0: Called Strike 0-1: Ball 1-1: Ball 2-1: Ball 3-1: Foul Ball, location: 2F 3-2: Foul Ball, location: 2F 3-2: Strikes out swinging
|
Bottom of the 6th over - 0 run(s), 0 hit(s), 0 error(s), 0 left on base; District 9 3 - Santa Monica 4 |
TOP OF THE 7TH |
District 9 Prawns batting - Pitching for Santa Monica Bruins : LHP Cobus Human
|
Pitching: RHP Estefan Jiménez
|
|
Batting: SHB Tommy Bourassa
|
0-0: Foul Ball, location: 2F 0-1: Foul Ball, location: 2F 0-2: Ball 1-2: Ball 2-2: Foul Ball, location: 2F 2-2: Fly out, F6 (Popup, 6M)
|
Batting: RHB Bill Beck
|
0-0: Called Strike 0-1: Fly out, F8 (Flyball, 8RM)
|
Batting: RHB Manuel Cortéz
|
0-0: Ball 1-0: Called Strike 1-1: Fly out, F6 (Popup, 6D)
|
Top of the 7th over - 0 run(s), 0 hit(s), 0 error(s), 0 left on base; District 9 3 - Santa Monica 4 |
BOTTOM OF THE 7TH |
Santa Monica Bruins batting - Pitching for District 9 Prawns : RHP Víctor Ventura
|
Batting: RHB Javier Deleón
|
0-0: Fly out, F5 (Line Drive, 5)
|
Batting: RHB Beco Lombo
|
0-0: Ball 1-0: Ball 2-0: Called Strike 2-1: Foul Ball, location: 2F 2-2: Fly out, F8 (Popup, 8RS)
|
Batting: LHB Juan Sánchez
|
0-0: Ball 1-0: Foul Ball, location: 2F 1-1: Ball 2-1: Fly out, F6 (Line Drive, 6)
|
Bottom of the 7th over - 0 run(s), 0 hit(s), 0 error(s), 0 left on base; District 9 3 - Santa Monica 4 |
TOP OF THE 8TH |
District 9 Prawns batting - Pitching for Santa Monica Bruins : RHP Estefan Jiménez
|
Now at 1B: Bill Savage
|
|
Batting: RHB Alonso Holguín
|
0-0: Ball 1-0: Foul Ball, location: 2F 1-1: Ball 2-1: SINGLE (Groundball, 4D)
|
Pinch Hitting: LHB Enrique Nalasco
|
0-0: Called Strike 0-1: Called Strike 0-2: Ball 1-2: Strikes out looking
|
Pitching: LHP Manuel Alfonso
|
|
Pinch Hitting: RHB Mal Snyder
|
0-0: Ball Balk! Alonso Holguín to second 1-0: Ball 2-0: Ground out 6-3 (Groundball, 6)
|
Batting: LHB Ryan Hensley
|
0-0: Ball 1-0: Called Strike 1-1: Fly out, F9 (Flyball, 9M)
|
Top of the 8th over - 0 run(s), 1 hit(s), 0 error(s), 1 left on base; District 9 3 - Santa Monica 4 |
BOTTOM OF THE 8TH |
Santa Monica Bruins batting - Pitching for District 9 Prawns : RHP Víctor Ventura
|
Pitching: RHP Troy Keough
|
|
Now at 2B: Finley Frogley
|
|
Now in CF: Enrique Nalasco
|
|
Batting: RHB Alonso Sánchez
|
0-0: Fly out, F6 (Popup, 6)
|
Batting: RHB Lorenzo Martínez
|
0-0: Swinging Strike 0-1: Ball 1-1: Ball 2-1: Swinging Strike 2-2: Foul Ball, location: 2F 2-2: Ball 3-2: Fly out, F9 (Flyball, 9S)
|
Batting: LHB Patrick Osborne
|
0-0: Called Strike 0-1: Ball 1-1: Ball 2-1: Swinging Strike 2-2: Foul Ball, location: 2F 2-2: Ball 3-2: Foul Ball, location: 2F 3-2: Foul Ball, location: 2F 3-2: Ground out 4-3 (Groundball, 4)
|
Bottom of the 8th over - 0 run(s), 0 hit(s), 0 error(s), 0 left on base; District 9 3 - Santa Monica 4 |
TOP OF THE 9TH |
District 9 Prawns batting - Pitching for Santa Monica Bruins : LHP Manuel Alfonso
|
Pitching: RHP Ron Henningar
|
|
Now at 2B: Kuniaki Kawashima
|
|
Batting: RHB Alfredo Cortéz
|
0-0: Ball 1-0: Ball 2-0: Called Strike 2-1: Ball 3-1: SINGLE (Line Drive, 34D)
|
Pinch Hitting: LHB Scott MacDonald
|
0-0: Bunted foul 0-1: Sac Bunt - play at first, batter OUT! 1-4 Alfredo Cortéz to second
|
Batting: SHB Tommy Bourassa
|
0-0: Called Strike 0-1: Ground out 4-3 (Groundball, 4M) Alfredo Cortéz to third
|
Batting: RHB Bill Beck
|
0-0: Ball 1-0: Ball 2-0: Swinging Strike 2-1: 2-RUN HOME RUN (Flyball, 7D), Distance : 348 ft
|
Batting: RHB Manuel Cortéz
|
0-0: Foul Ball, location: 2F 0-1: Ball 1-1: Foul Ball, location: 2F 1-2: Foul Ball, location: 2F 1-2: Foul Ball, location: 2F 1-2: Ball 2-2: Strikes out swinging
|
Top of the 9th over - 2 run(s), 2 hit(s), 0 error(s), 0 left on base; District 9 5 - Santa Monica 4 |
|